 Dungeon Crawl Stone Soup version 0.26-a0-639-g72c4674329 (webtiles) character file.

Game seed: 3149919032169871144

107 Radmir2714 the Poker (level 4, -2/35 HPs)
             Began as a Merfolk Gladiator on Sept 18, 2020.
             Slain by a wight
             ... wielding a +2 battleaxe
              (13 damage)
             ... on level 2 of the Dungeon.
             The game lasted 00:07:37 (1265 turns).

Radmir2714 the Poker (Merfolk Gladiator)            Turns: 1265, Time: 00:07:38

Health: -2/35      AC: 10    Str: 15    XL:     4   Next: 86%
Magic:  4/4        EV:  8    Int:  7    God:
Gold:   61         SH:  0    Dex: 15    Spells: 3/3 levels left

rFire    . . .     SeeInvis .   a - +0 trident
rCold    . . .     Faith    .   (no shield)
rNeg     . . .     Spirit   .   g - +0 chain mail
rPois    .         Reflect  .   c - +0 helmet
rElec    .         Harm     .   (no cloak)
rCorr    .         Rampage  .   (no gloves)
MR       .....                  i - +0 pair of boots
Stlth    ..........             (no amulet)
HPRegen  0.11/turn              (no ring)
MPRegen  0.09/turn              (no ring)

@: lightly drained
A: change form in water, swift swim, stealthy swim
a: no special abilities


You were on level 2 of the Dungeon.
You visited 1 branch of the dungeon, and saw 2 of its levels.

You collected 61 gold pieces.

Inventory:

Hand Weapons
 a - a +0 trident (weapon)
Armour
 b - a +0 leather armour
 c - a +0 helmet (worn)
 g - a +0 chain mail (worn)
 i - a +0 pair of boots (worn)
Scrolls
 f - a scroll of magic mapping
Potions
 h - a potion of ambrosia


   Skills:
 * Level 3.5(3.2) Fighting
 * Level 5.8(5.4) Polearms
 + Level 2.6(2.3) Throwing
 + Level 4.6(4.3) Dodging


You had 3 spell levels left.
You didn't know any spells.
Your spell library was empty.

Dungeon Overview and Level Annotations

Branches:
Dungeon (2/15)

Altars:


Message History

You closely miss the wight.
The wight is moderately damaged.
The wight hits you but does no damage.
You hit the wight.
The wight is heavily damaged.
The wight hits you with a +2 battleaxe.
You barely miss the wight.
The wight is heavily damaged.
The wight hits you with a +2 battleaxe.
You hit the wight but do no damage.
The wight is heavily damaged.
The wight hits you with a +2 battleaxe!
As you read the scroll labeled HULILIY OFISU, it crumbles to dust.
You feel aware of your surroundings.
It was a scroll of magic mapping.
You are too injured to fight recklessly!
As you read the scroll labeled VECIYDD YGYT, it crumbles to dust.
It is a scroll of identify.
You don't have any unidentified items.
The wight hits you with a +2 battleaxe!
You die...

**,,####.##.,,####....######.####
,,,,,.......,,...................
*.#,*#......########..######.####
,...##..,,.....# ##.# #.#
,.......,,*#...######.# #.#
,.......####...#......# #.#
,...!.....##.......##### #.#
,....#...(.............# #.#
,.,,,#.##......z@..)...## ##.####
,,,............####....(###......
,,....########## ####.(.......<.
,..z##* ##†(..†..... ,>.#*
#####....(. ,z?,* #...... ,,,,*
#.)<... ,,,,* ####### ,,,,*


You could see a wight.

Vanquished Creatures
  A wight (D:2)
  A gnoll (D:1)
  An adder (D:2)
  An ooze (D:1)
  A dart slug (D:1)
  2 leopard geckos (D:1)
  5 giant cockroaches (D:1)
  3 hobgoblins (D:1)
  3 jackals (D:2)
  4 kobolds
  5 bats (D:1)
  A frilled lizard (D:1)
  6 goblins
  6 rats
40 creatures vanquished.

Notes
Turn   | Place    | Note
-------+----------+-------------------------------------------
     0 | D:1      | Radmir2714 the Merfolk Gladiator began the quest for the
                  | Orb.
     0 | D:1      | Reached XP level 1. HP: 16/16 MP: 1/1
   325 | D:1      | Reached XP level 2. HP: 23/23 MP: 2/2
   468 | D:1      | Reached XP level 3. HP: 23/28 MP: 3/3
   469 | D:1      | Reached skill level 5 in Polearms
  1054 | D:2      | Reached XP level 4. HP: 30/35 MP: 4/4
  1265 | D:2      | Slain by a wight

Illustrated notes

Levels and vault maps discovered:
D:1:      nzn_arrival_depleted_hourglass, layout_basic, minivault_19,
          minmay_heptomino_w4
D:2:      layout_rooms, minmay_misc_feat_x, uniq_robin

Skill      XL: |  1  2  3 |
---------------+----------+-----
Polearms       | 5 |  5.8
Fighting       | 3 |  3.5
Throwing       | |  2.6
Dodging        | |  4.6

Action                   |  1- 3 |  4- 6 || total
-------------------------+-------+-------++-------
Melee: Trident           |   101 |    24 ||   125
Throw: Throwing net      |     3 |     2 ||     5
  Use: Potion            |     1 |       ||     1
       Scroll            |       |     2 ||     2
Armor: Leather armour    |    22 |       ||    22
       Chain mail        |    26 |     7 ||    33
Dodge: Dodged            |    57 |     6 ||    63

Table legend: (Time is in decaauts)
 A = Elapsed time spent in this place.
 B = Non-inter-level travel time spent in this place.
 C = Inter-level travel time spent in this place.
 D = Time resting spent in this place.
 E = Time spent auto-exploring this place.
 F = Levels seen in this place.
 G = Mean time per level.
                   A        B        C        D        E       F      G
               +--------+--------+--------+--------+--------+-----+--------+
         Total |   1268 |   1244 |     24 |      0 |    952 |   2 |  634.0 |
       Dungeon |   1268 |   1244 |     24 |      0 |    952 |   2 |  634.0 |
               +--------+--------+--------+--------+--------+-----+--------+

Top non-repeatable levels by time:
     D:1: 1019 daAuts
     D:2: 248 daAuts
